 Dungeon Crawl Stone Soup version 0.26-b1-32-g5d43845318 (webtiles) character file.

Game seed: 14548770126973612117

5019 HungrySpirit the Grappler (level 10, -1/88 HPs)
             Began as a Ghoul Monk on Jan 11, 2021.
             Was an Initiate of Gozag.
             Slain by a death yak (21 damage)
             ... on level 7 of the Dungeon.
             The game lasted 00:11:48 (8386 turns).

HungrySpirit the Grappler (Ghoul Monk)              Turns: 8386, Time: 00:11:49

Health: -1/88      AC: 16    Str: 19    XL:     10   Next: 55%
Magic:  9/9        EV:  8    Int:  5    God:    Gozag
Gold:   922        SH:  0    Dex: 11    Spells: 9/9 levels left

rFire    . . .     SeeInvis .     - Unarmed
rCold    + . .     Faith    .   (no shield)
rNeg     + + +     Spirit   .   i - +1 plate armour
rPois    ∞         Reflect  .   m - +0 helmet
rElec    .         Harm     .   s - +0 cloak
rCorr    .         Rampage  .   (no gloves)
Will     .....                  (no boots)
Stlth    ..........             (no amulet)
HPRegen  0.00/turn              f - ring of wizardry
MPRegen  0.11/turn              u - ring of attention (curse)

@: no status effects
A: claws 1, cold resistance 1, negative energy resistance 3, inhibited
regeneration, torment resistance, unbreathing
a: Renounce Religion, Potion Petition, Call Merchant, Bribe Branch


You were on level 7 of the Dungeon.
You worshipped Gozag.
Gozag was pleased with you.
You visited 2 branches of the dungeon, and saw 9 of its levels.

You collected 922 gold pieces.

Inventory:

Missiles
 w - a throwing net (quivered)
Armour
 i - a +1 plate armour (worn)
 m - a +0 helmet (worn)
 s - a +0 cloak (worn)
Jewellery
 e - a +6 ring of intelligence
 f - a ring of wizardry (left claw)
 u - a cursed ring of attention (right claw)
Wands
 d - a wand of digging (3)
 o - a wand of flame (16)
 v - a wand of iceblast (9)
 x - a wand of paralysis (10)
Scrolls
 a - 3 scrolls of enchant armour
 h - 2 scrolls of enchant weapon
 k - a scroll of remove curse {unknown}
 q - 3 scrolls of identify
Potions
 c - 3 potions of haste
 g - a potion of heal wounds {unknown}
 j - a potion of invisibility {unknown}
 l - a potion of ambrosia {unknown}
 n - 3 potions of attraction
 p - 3 potions of curing
 r - a potion of degeneration {unknown}
 t - a potion of magic {unknown}
 z - a potion of mutation {unknown}


   Skills:
 + Level 8.2 Fighting
 + Level 6.1 Armour
 + Level 6.8 Dodging
 - Level 2.1 Stealth
 * Level 11.0 Unarmed Combat


You had 9 spell levels left.
You didn't know any spells.
Your spell library contained the following spells:

 Spells                   Type           Power        Failure   Level
 Animate Skeleton         Necr           0%           99%         1
 Pain                     Necr           0%           99%         1
 Vampiric Draining        Necr           0%           100%        3
 Animate Dead             Necr           0%           100%        4
 Agony                    Necr           0%           100%        5


Dungeon Overview and Level Annotations

Branches:
Dungeon (8/15)             Temple (1/1) D:5
   Lair: D:8-11

Altars:
Ashenzari
Cheibriados
Dithmenos
Elyvilon
Fedhas
Gozag
Hepliaklqana
Kikubaaqudgha
Makhleb
Nemelex Xobeh
Okawaru
Qazlal
Ru
Sif Muna
Trog
Uskayaw
Vehumet
Wu Jian
Xom
Yredelemnul
The Shining One

Annotations:
D:7 3 runed translucent doors, Borgoz's ghost, novice GrGl


Innate Abilities, Weirdness & Mutations

You thrive by killing the living.
You are immune to poison.
You have sharp fingernails.
Your flesh is cold resistant. (rC+)
You are immune to negative energy. (rN+++)
You do not regenerate when monsters are visible.
You are immune to unholy pain and torment.
You can survive without breathing.


Message History

You mangle the death yak!!
The death yak is severely wounded.
You mangle the death yak!!
The death yak is almost dead.
The death yak gores you!
You barely miss the death yak.
The death yak is almost dead.
The death yak gores you but does no damage.
You scratch the death yak but do no damage.
The death yak is almost dead.
The death yak gores you.
You scratch the death yak.
The death yak is almost dead.
The death yak gores you!!
* * * LOW HITPOINT WARNING * * *
You barely miss the death yak.
The death yak is almost dead.
The death yak gores you!!
You die...
Your body crumbles into a pile of gold.

#.#.#.# #.....# .##.### .##.#
######### .##.########
#.......# ...........#
#.#####.#
.###.#####.########.#####.#
.# #.##.......##.......##.#
)# #.##..[.##.##@##.##.##.#
## #.##.##>....Y.##.##.##.#
#.[.....##.#####.......#
#..........# ####.####
#.#........# #......#
#.#..##.#.## #.##.#.####
#.#....(#.######.##......#
####.#.##..#.##.....####.##.#
>....#.......##.....####.##.#


You could see a death yak.

Vanquished Creatures
  Harold (D:7)
  A death yak (D:7)
  Pikel (D:5)
  A troll (D:7)
  Grinder (D:3)
  Duvessa (D:6)
  An ice beast (D:7)
  Purgy (D:2)
  A sky beast (D:5)
  A black bear (D:7)
  2 ogres
  A centaur (D:7)
  2 lemures (D:5)
  A big kobold (D:7)
  5 bullfrogs
  Dowan (D:6)
  4 scorpions
  11 killer bees (D:8)
  A bullfrog zombie (D:8)
  Crazy Yiuf (D:3)
  3 bullfrog skeletons
  A centaur skeleton (D:6)
  3 hounds
  Ijyb (D:3)
  A jelly (D:7)
  3 orc priests
  4 orc wizards
  Natasha (thrice) (D:3)
  2 iguanas
  3 worker ants
  8 gnolls (D:6)
  11 adders
  A shadow imp (D:7)
  2 white imps
  An ooze (D:5)
  A worm (D:6)
  2 dart slugs
  9 leopard geckos
  19 orcs
  5 giant cockroaches
  4 goblins
  13 hobgoblins
  10 jackals
  11 kobolds
  5 quokkas
  A ball python (D:2)
  8 bats
  7 frilled lizards
  A leopard gecko skeleton (D:7)
  4 rats
186 creatures vanquished.

Notes
Turn   | Place    | Note
-------+----------+-------------------------------------------
     0 | D:1      | HungrySpirit the Ghoul Monk began the quest for the Orb.
     0 | D:1      | Reached XP level 1. HP: 19/19 MP: 0/0
   111 | D:1      | Reached XP level 2. HP: 16/26 MP: 1/1
   784 | D:2      | Reached XP level 3. HP: 28/31 MP: 2/2
   827 | D:2      | Reached skill level 1 in Armour
  1026 | D:2      | Found a blossoming altar of Fedhas.
  1043 | D:2      | Reached skill level 4 in Unarmed Combat
  1354 | D:3      | Reached XP level 4. HP: 40/40 MP: 3/3
  1397 | D:3      | Noticed Purgy
  1930 | D:3      | Reached XP level 5. HP: 20/46 MP: 4/4
  2373 | D:3      | Found a runed translucent door.
  2374 | D:3      | Noticed Crazy Yiuf
  2546 | D:3      | Noticed Natasha
  2570 | D:3      | Killed Natasha
  2571 | D:3      | Reached skill level 5 in Unarmed Combat
  2723 | D:3      | Reached XP level 6. HP: 52/52 MP: 5/5
  2728 | D:3      | Noticed Ijyb
  2750 | D:3      | Killed Ijyb
  2895 | D:3      | Noticed Natasha
  2902 | D:3      | Killed Natasha
  2967 | D:3      | Noticed Grinder
  2983 | D:3      | Killed Grinder
  2984 | D:3      | Reached skill level 6 in Unarmed Combat
  2984 | D:3      | Reached XP level 7. HP: 42/60 MP: 6/6
  3122 | D:3      | Noticed Natasha
  3130 | D:3      | Killed Natasha
  3561 | D:4      | Found a broken altar of Ashenzari.
  3583 | D:4      | Found a basalt altar of Yredelemnul.
  4021 | D:4      | You fall into a shaft and drop 3 floors!
  4037 | D:7      | Found a hazy altar of Hepliaklqana.
  4041 | D:6      | Noticed Duvessa
  4041 | D:6      | Noticed Dowan
  4057 | D:6      | Killed Duvessa
  4058 | D:6      | Reached skill level 5 in Fighting
  4063 | D:6      | Killed Dowan
  4355 | D:6      | Found a stormy altar of Qazlal.
  4374 | D:6      | Reached XP level 8. HP: 65/68 MP: 7/7
  4423 | D:6      | Found an ancient bone altar of Kikubaaqudgha.
  4446 | D:6      | Reached skill level 7 in Unarmed Combat
  5123 | D:5      | Entered Level 5 of the Dungeon
  5133 | D:5      | Found a bloodstained altar of Trog.
  5171 | D:5      | Noticed Pikel
  5180 | D:5      | Killed Pikel
  5181 | D:5      | Reached skill level 5 in Dodging
  5181 | D:5      | Reached skill level 8 in Unarmed Combat
  5240 | D:5      | Reached XP level 9. HP: 75/75 MP: 8/8
  5384 | D:5      | Found a staircase to the Ecumenical Temple.
  5457 | Temple   | Entered the Ecumenical Temple
  5651 | Temple   | Became a worshipper of Gozag Ym Sagoz the Greedy
  6010 | D:2      | Killed Purgy
  6134 | D:3      | Killed Crazy Yiuf
  6304 | D:7      | Reached skill level 9 in Unarmed Combat
  6350 | D:7      | Noticed a troll
  6355 | D:7      | Killed a troll
  6555 | D:7      | Reached skill level 5 in Armour
  6717 | D:7      | Found a runed translucent gate.
  6717 | D:7      | Found a runed translucent gate.
  6717 | D:7      | Found a runed translucent gate.
  6880 | D:7      | Noticed Borgoz's ghost (novice GrGl)
  7096 | D:8      | Noticed a death yak
  7097 | D:8      | Noticed a death yak
  7102 | D:8      | Noticed a death yak
  7317 | D:8      | Found a white marble altar of Elyvilon.
  7319 | D:8      | Found a snail-covered altar of Cheibriados.
  7319 | D:8      | Noticed Harold
  7321 | D:8      | Found a burning altar of Makhleb.
  7494 | D:8      | Noticed a death yak
  7516 | D:7      | Reached skill level 10 in Unarmed Combat
  7629 | D:7      | Killed Harold
  7630 | D:7      | Reached XP level 10. HP: 71/88 MP: 9/9
  7708 | D:8      | Noticed a death yak
  7730 | D:7      | Killed a death yak
  8288 | D:8      | Found a hide-covered altar of Uskayaw.
  8324 | D:8      | Reached skill level 11 in Unarmed Combat
  8386 | D:7      | Slain by a death yak

Illustrated notes

Levels and vault maps discovered:
D:1:      giann_forest_graveyard, layout_loops_ring,
          chequers_serial_rivers_marsh, minmay_misc_feat_enclosed
D:2:      layout_rooms, fedhas_altar_1, kennysheep_cross_room
D:3:      wad_crossroads, layout_basic, chequers_serial_rivers_large_b,
          minmay_fractal_squares_diagonal_5, uniq_purgy,
          uniq_crazy_yiuf_cottage, uniq_grinder, uniq_natasha, uniq_ijyb
D:4:      layout_loops_corners, ashenzari_conservatory_becter,
          overflow_temple_1_default, minmay_stone_trees_small
D:5:      layout_loops_cross, lemuel_doored_altar,
          minmay_temple_entry_water_ring, uniq_pikel
D:6:      layout_cave_pods, lemuel_crystal_altar, basic_altar, uniq_duvessa
D:7:      layout_loops_cross, basic_altar, gammafunk_ghost_icy
D:8:      layout_loops_ring, makhleb_heckhound_becter, old_standard_altar,
          general_overflow_altar, chequers_temple_overflow_statue_of_worship,
          dpeg_lair_monsters, uniq_joseph, uniq_harold
Temple:   minmay_temple_bridge_abc

Skill      XL: |  1  2  3  4  5  6  7  8  9 10 |
---------------+-------------------------------+-----
Dodging        | 3 4 5 6 |  6.8
Armour         | 1 2 3 4 5 6 |  6.1
Unarmed Combat | 4 5 6 8 10 11 | 11.0
Fighting       | 4 5 6 7 8 |  8.2
Stealth        | |  2.1

Action                   |  1- 3 |  4- 6 |  7- 9 | 10-12 || total
-------------------------+-------+-------+-------+-------++-------
Melee: Unarmed           |   119 |   215 |   328 |    76 ||   738
       Punch             |     2 |     2 |     9 |     4 ||    17
Throw: Throwing net      |       |       |       |     1 ||     1
Evoke: Wand              |       |     8 |    15 |     1 ||    24
  Use: Potion            |       |     2 |     1 |       ||     3
       Scroll            |       |       |     9 |       ||     9
 Stab: Paralysed         |       |       |     5 |       ||     5
       Held in net/web   |       |       |       |     1 ||     1
Armor: Robe              |    12 |       |       |       ||    12
       Chain mail        |    19 |    77 |       |       ||    96
       Plate armour      |       |    58 |   216 |    44 ||   318
Dodge: Dodged            |    64 |    57 |   111 |    30 ||   262
